 Dungeon Crawl Stone Soup version 0.29-a0-418-gc0181ea820 (webtiles) character file.

Game seed: 2358041023573502408

597 101zpm the Magician (level 7, -4/45 HPs)
             Began as a Djinni Fire Elementalist on May 17, 2022.
             Slain by a gnoll
             ... wielding a +0 flail
              (12 damage)
             ... on level 5 of the Dungeon.
             The game lasted 00:05:41 (4041 turns).

101zpm the Magician (Djinni Fire Elementalist)      Turns: 4041, Time: 00:05:42

Health: -4/45      AC:  2    Str:  7    XL:     7   Next: 68%
Gold:   144        EV: 12    Int: 19    God:
                   SH:  0    Dex: 13

rFire   + + .      SeeInvis .   (no weapon)
rCold   x . .      Faith    .   (no shield)
rNeg    . . .      Spirit   .   a - +0 robe
rPois   ∞          Reflect  .   (no helmet)
rElec   .          Harm     .   (no cloak)
rCorr   .          Rampage  .   (no gloves)
Will    .....                   (boots unavailable)
Stlth   ++........              (no amulet)
HPRegen 0.15/turn               (no ring)
MPRegen 0.00/turn               (no ring)

@: flying
A: sickness immunity, fire resistance 2, cold vulnerability 1, float, innate
caster, HP casting, extra vitality 1
a: no special abilities


You were on level 5 of the Dungeon.
You visited 1 branch of the dungeon, and saw 5 of its levels.

You collected 144 gold pieces.

Inventory:

Armour
 a - a +0 robe (worn)
Jewellery
 d - an amulet of the acrobat
 f - a ring of protection from cold
Wands
 p - a wand of polymorph (9)
Scrolls
 b - a scroll of fear {unknown}
 c - 2 scrolls of enchant armour {unknown}
 e - 5 scrolls of identify {unknown}
 g - a scroll of vulnerability {unknown}
 h - a scroll of silence {unknown}
 l - a scroll of torment {unknown}
 n - a scroll of immolation {unknown}
Potions
 i - a potion of heal wounds {unknown}
 j - a potion of berserk rage {unknown}
 k - a potion of might {unknown}
 m - a potion of brilliance {unknown}
 o - a potion of curing {unknown}


   Skills:
 + Level 3.0 Dodging
 + Level 2.3 Stealth
 + Level 6.0 Spellcasting


You couldn't memorise any spells.
You knew the following spells:

 Your Spells              Type           Power      Damage    Failure   Level
a - Foxfire               Conj/Fire      100%       2x1d9     1%          1
b - Scorch                Fire           56%        2d7       1%          2
c - Conjure Flame         Conj/Fire      28%        6-21      2%          3
d - Inner Flame           Hex/Fire       28%        N/A       2%          3
e - Flame Wave            Conj/Fire      28%        2d8       9%          4
f - Sting                 Tmut/Pois      100%       1d8       1%          1
g - Passwall              Tmut/Erth      23%        N/A       1%          2
h - Poisonous Vapours     Pois/Air       56%        N/A       1%          2
Your spell library was empty.

Dungeon Overview and Level Annotations

Branches:
Dungeon (5/15)             Temple (0/1) D:4

Altars:

Shops:
D:2 :


Innate Abilities, Weirdness & Mutations

You are immune to sickness and miasma.
You are immune to poison.
Your flesh is very heat resistant. (rF++)
You are vulnerable to cold. (rC-)
You float through the air rather than walking.
You learn spells naturally, not from books.
Your magical power is your life essence.
You have superior vitality. (+4 MHP)


Message History

You kill the howler monkey!
Your Dodging skill increases to level 3!
Your Spellcasting skill increases to level 6!
You are too injured to fight recklessly!
You are too injured to fight recklessly!
Casting: Foxfire (safe; 1% risk of failure)
Press: ? - help, Q - select action, (/) - cycle Dir - look around, f - activate You conjure some foxfire!
Casting: Foxfire (safe; 1% risk of failure)
Press: ? - help, Q - select action, (/) - cycle Dir - look around, f - activate You conjure some foxfire!
Casting: Foxfire (safe; 1% risk of failure)
Confirm with . or Enter, or press ? or * to list all spells.
Flames lash the gnoll.
The gnoll is heavily wounded.
The gnoll's fire resistance burns away.
The foxfire hits the gnoll.
The gnoll is moderately wounded.
Casting: Scorch (safe; 1% risk of failure)
Confirm with . or Enter, or press ? or * to list all spells.
Flames lash the gnoll.
The gnoll is burned terribly!
The gnoll is severely wounded.
The gnoll barely misses you. x2
The foxfire hits the gnoll.
The gnoll is heavily wounded.
The gnoll attacks as you move away! The gnoll completely misses you.
The gnoll attacks as you move away! The gnoll closely misses you.
The gnoll is no longer more vulnerable to fire.
The gnoll attacks as you move away! The gnoll barely misses you.
Items here: )) ÷ †.
Things that are here:
a +0 club; 2 boomerangs; an orc skeleton The gnoll attacks as you move away!
The gnoll hits you with a +0 flail.
* * * LOW HITPOINT WARNING * * *
The gnoll attacks as you move away! The gnoll barely misses you.
The gnoll attacks as you move away! The gnoll hits you with a +0 flail.
* * * LOW HITPOINT WARNING * * *
The gnoll attacks as you move away! The gnoll misses you.
The gnoll attacks as you move away! The gnoll misses you.
The gnoll attacks as you move away! The gnoll hits you with a +0 flail!
You die...

### #.########..#
#.# #.# ###..#
#.# #.# #....#
#.# #.# #.#.##
#.# .######.#.#
#g# ..........#
#.#
#######.#######.#
#.# #.g.g.# #.#
#@##### ###.###.#
#.....#.##
#.###....#### #.#
#.......#
#.###....##.#
#.....#.###.#
#######.# #.# #.#
#.#


You could see 2 gnolls.

Vanquished Creatures
  An ice beast (D:5)
  An ogre (D:3)
  A scorpion (D:5)
  A howler monkey (D:5)
  2 hounds (D:4)
  An iguana (D:4)
  Natasha (thrice) (D:3)
  Robin (D:3)
  2 gnolls (D:5)
  4 adders
  An ufetubus (D:5)
  A worm (D:3)
  2 dart slugs
  17 orcs
  2 ball pythons
  A bat (D:1)
  3 endoplasms
  A giant cockroach (D:3)
  12 goblins
  7 hobgoblins
  2 jackals (D:4)
  3 kobolds
  2 quokkas
  2 rats
73 creatures vanquished.

Vanquished Creatures (others)
  333 foxfires
333 creatures vanquished.

Grand Total: 406 creatures vanquished

Notes
Turn   | Place    | Note
-------+----------+-------------------------------------------
     0 | D:1      | 101zpm the Djinni Fire Elementalist began the quest for the
                  | Orb.
     0 | D:1      | Reached XP level 1. HP: 15/15 MP: 0/0
   321 | D:2      | Reached XP level 2. HP: 18/21 MP: 0/0
   902 | D:2      | Reached skill level 3 in Spellcasting
   902 | D:2      | Reached XP level 3. HP: 23/25 MP: 0/0
   902 | D:2      | Learned a level 1 spell: Sting
   961 | D:2      | Found Alliv's Book Shop.
  1296 | D:3      | Noticed an ogre
  1300 | D:3      | Killed an ogre
  1301 | D:3      | Reached XP level 4. HP: 24/31 MP: 0/0
  1301 | D:3      | Reached XP level 5. HP: 27/35 MP: 0/0
  1301 | D:3      | Learned a level 2 spell: Passwall
  1302 | D:3      | Reached skill level 4 in Spellcasting
  1509 | D:3      | Noticed Natasha
  1513 | D:3      | Killed Natasha
  1599 | D:3      | Noticed Natasha
  1604 | D:3      | Killed Natasha
  1960 | D:3      | Noticed Natasha
  1965 | D:3      | Killed Natasha
  1966 | D:3      | Reached XP level 6. HP: 33/40 MP: 0/0
  2131 | D:3      | Noticed Robin
  2136 | D:3      | Killed Robin
  2744 | D:4      | Found a staircase to the Ecumenical Temple.
  3037 | D:4      | Reached skill level 5 in Spellcasting
  3415 | D:5      | Entered Level 5 of the Dungeon
  3542 | D:5      | Reached XP level 7. HP: 43/45 MP: 0/0
  3542 | D:5      | Learned a level 2 spell: Poisonous Vapours
  4004 | D:5      | Reached skill level 6 in Spellcasting
  4041 | D:5      | Slain by a gnoll

Illustrated notes

Levels and vault maps discovered:
D:1:      matt_arrival_grand_opening, layout_rooms,
          ebering_ecumenical_altar_mist, minmay_misc_feat_five
D:2:      layout_basic, serial_shops, shop, chequers_arboretum, uniq_terence
D:3:      layout_basic, uniq_natasha, uniq_robin
D:4:      layout_cave_pools, minmay_temple_entry_arrows, supply_closet_lemuel
D:5:      layout_loops_ring

Skill      XL: |  1  2  3  4  5  6  7 |
---------------+----------------------+-----
Spellcasting   | 3 4 5 6 |  6.0
Stealth        | 2 |  2.3
Dodging        | 3 |  3.0

Action                   |  1- 3 |  4- 6 |  7- 9 || total
-------------------------+-------+-------+-------++-------
 Cast: Foxfire           |    44 |   136 |    39 ||   219
       Scorch            |    10 |    10 |    16 ||    36
       Inner Flame       |     1 |       |       ||     1
Dodge: Dodged            |     2 |     3 |    10 ||    15

Table legend: (Time is in decaauts)
 A = Elapsed time spent in this place.
 B = Non-inter-level travel time spent in this place.
 C = Inter-level travel time spent in this place.
 D = Time resting spent in this place.
 E = Time spent auto-exploring this place.
 F = Levels seen in this place.
 G = Mean time per level.
                   A        B        C        D        E       F      G
               +--------+--------+--------+--------+--------+-----+--------+
         Total |   4041 |   3978 |     63 |    266 |   3278 |   5 |  808.2 |
       Dungeon |   4041 |   3978 |     63 |    266 |   3278 |   5 |  808.2 |
               +--------+--------+--------+--------+--------+-----+--------+

Top non-repeatable levels by time:
     D:3: 1645 daAuts
     D:4: 992 daAuts
     D:2: 674 daAuts
     D:5: 625 daAuts
     D:1: 103 daAuts
